 Dungeon Crawl Stone Soup version 0.31-a0-700-gf13585253f (webtiles) character file.

Game seed: 18054795743013664182

485 qw the Shooter (level 7, -2/43 HPs)
             Began as a Gargoyle Hunter on Sept 7, 2023.
             Slain by a gnoll
             ... wielding a +0 halberd
              (8 damage)
             ... on level 3 of the Dungeon.
             The game lasted 00:01:29 (2759 turns).

qw the Shooter (Gargoyle Hunter)                    Turns: 2759, Time: 00:01:30

Health: -2/43      AC: 12    Str: 15    XL:     7   Next: 13%
Magic:  7/7        EV: 11    Int:  9    God:
Gold:   30         SH:  0    Dex: 15    Spells: 6/6 levels left

rFire   . . .        Y - +0 shortbow
rCold   . . .        (shield currently unavailable)
rNeg    + . .        j - +0 ring mail
rPois   inf          (no helmet)
rElec   +            k - +1 cloak
rCorr   .            (no gloves)
SInv    .            (no boots)
Will    .....        (no amulet)
Stlth   +            (no ring)
HPRegen 0.27/turn    (no ring)
MPRegen 0.10/turn

%: no passive effects
@: no status effects
A: sickness immunity, AC +4, negative energy resistance 1, electricity
resistance, torment resistance 1, petrification resistance
a: no special abilities


You were on level 3 of the Dungeon.
You visited 1 branch of the dungeon, and saw 3 of its levels.

You collected 133 gold pieces.
You spent 103 gold pieces at shops.


Innate Abilities, Weirdness & Mutations

You are immune to sickness and miasma.
Your stone body is resilient. (AC +4)
You are immune to poison.
You resist negative energy. (rN+)
You are resistant to electric shocks. (rElec)
You are resistant to unholy torment.
You are immune to petrification.


   Skills:
 - Level 4.2 Fighting
 + Level 6.9 Ranged Weapons
 - Level 3.1 Armour
 - Level 1.5 Dodging
 - Level 1.1 Stealth


You had 6 spell levels left.
You didn't know any spells.
Your spell library was empty.

Inventory:

Hand Weapons
 Y - a +0 shortbow (weapon)
Armour
 d - the +3 pair of gauntlets of War {Slay+5}
   (You found it on level 3 of the Dungeon)

   Slay+5:    It affects your accuracy & damage with ranged weapons and melee
   (+5).
 j - a +0 ring mail (worn)
 k - a +1 cloak (worn)
Jewellery
 c - an amulet of magic regeneration
 l - an amulet of reflection
Scrolls
 a - a scroll of identify
 b - 2 scrolls of teleportation {unknown}
 i - a scroll of enchant weapon {unknown}
Potions
 e - a potion of haste {unknown}
 f - a potion of heal wounds {unknown}
 g - a potion of enlightenment
 h - a potion of magic {unknown}

Dungeon Overview and Level Annotations

Branches:
Dungeon (3/15)

Altars:
Trog
Xom

Shops:
D:3 *


Message History

The kobold closely misses you. The gnoll barely misses you.
The kobold barely misses you.
The gnoll hits you from afar with a +0 halberd.
The gnoll barely misses you. The kobold hits you but does no damage.
The kobold closely misses you.
You shoot an arrow. The arrow hits the kobold.
You kill the kobold!
The kobold barely misses you. The gnoll hits you but does no damage.
The kobold barely misses you.
The gnoll hits you from afar with a +0 halberd.
The gnoll hits you but does no damage. The kobold barely misses you.
You shoot an arrow. The arrow closely misses the gnoll.
The gnoll hits you with a +0 whip. The kobold hits you but does no damage.
The gnoll hits you but does no damage. The kobold closely misses you.
The gnoll hits you from afar with a +0 halberd.
The kobold barely misses you. The gnoll hits you but does no damage.
You shoot an arrow. The arrow hits the gnoll.
The gnoll is moderately wounded.
The gnoll hits you with a +0 whip. The gnoll hits you but does no damage.
The kobold misses you. The gnoll barely misses you. The gnoll misses you.
You shoot an arrow. The arrow closely misses the gnoll.
The gnoll hits you but does no damage. The kobold closely misses you.
The gnoll hits you from afar with a +0 spear.
The kobold hits you but does no damage.
The gnoll hits you from afar with a +0 halberd.
The kobold barely misses you. The kobold closely misses you.
The gnoll misses you.
You shoot an arrow. The arrow hits the gnoll.
The gnoll is heavily wounded.
The gnoll barely misses you. The kobold hits you but does no damage.
The gnoll hits you but does no damage.
The kobold hits you but does no damage. x2
The gnoll hits you from afar with a +0 halberd.
The kobold closely misses you. The gnoll hits you but does no damage.
You shoot an arrow. The arrow hits the gnoll.
The gnoll is severely wounded.
The gnoll hits you but does no damage. The gnoll barely misses you.
The kobold closely misses you. The kobold barely misses you.
The kobold closely misses you.
The gnoll hits you from afar with a +0 halberd!
You die...

............................%....
.................................
~.~~~~~~~.~.~~~~~.~~~~...~~~~..~.
~~~~~~~~~~~~~~~~~~~~~~~~~~~~~~~~~
~~~~~~~~~~~~~~~~~~~~~~~~~~~~~~~~~
~~~~~~~~~~~~~~~~~~~~#####~~~~~~~~
##################### #~~~~~~~~
.....#..........Kgg.# #~~~~~~~~
.....)..........@KK.# #~~~~~~~~
######....((....KKg.# '
.........########Kg....#
.........# g.....#
.........########...)..#
######...(..........##'#
...()'.))...........# $
.....#..............#
#################


You could see 5 gnolls and 6 kobolds.

Vanquished Creatures
  A water moccasin (D:3)
  An ogre (D:3)
  4 crimson imps (D:3)
  4 gnolls (D:3)
  2 adders
  2 worms
  3 dart slugs (D:1)
  An orc (D:3)
  9 endoplasms
  3 giant cockroaches
  7 goblins
  7 hobgoblins
  6 jackals
  4 quokkas
  9 ball pythons
  5 bats
  2 frilled lizards (D:1)
  19 kobolds
  4 rats (D:1)
93 creatures vanquished.

Notes
Turn   | Place    | Note
-------+----------+-------------------------------------------
     0 | D:1      | qw the Gargoyle Hunter began the quest for the Orb.
     0 | D:1      | Reached XP level 1. HP: 12/12 MP: 1/1
     0 | D:1      | 0 ||| qw: Version: 0.3-a-76-g4403597
     0 | D:1      | 0 ||| qw: Game counter: 523
     0 | D:1      | 0 ||| qw: Melee chars always use a shield: true
     0 | D:1      | 0 ||| qw: God list: Okawaru
     0 | D:1      | 0 ||| qw: Allow faded altars: false
     0 | D:1      | 0 ||| qw: Do Orc after clearing Dungeon:15 true
     0 | D:1      | 0 ||| qw: Do second Lair branch before Depths: true
     0 | D:1      | 0 ||| qw: Lair rune preference: random
     0 | D:1      | 0 ||| qw: Goals: Normal
     0 | D:1      | 0 ||| PLANNING D:1-11
    15 | D:1      | 15 ||| Stepping ~*~*~tactically~*~*~ (retreating).
    16 | D:1      | 16 ||| Stepping ~*~*~tactically~*~*~ (retreating).
    24 | D:1      | Reached XP level 2. HP: 15/17 MP: 2/2
   190 | D:1      | HP: 4/17 [hobgoblin (4)]
   192 | D:1      | Reached XP level 3. HP: 6/21 MP: 3/3
   456 | D:1      | Reached skill level 5 in Ranged Weapons
   945 | D:1      | 945 ||| READING scroll labelled COWUCZ QOATE.
   946 | D:1      | 946 ||| READING scroll labelled VAMPAI PYZY.
   947 | D:1      | 947 ||| DROPPING scroll of butterflies.
  1087 | D:2      | Reached skill level 3 in Fighting
  1111 | D:2      | Reached XP level 4. HP: 18/28 MP: 4/4
  1389 | D:2      | 1389 ||| FLEEEEING.
  1516 | D:2      | 1516 ||| UPGRADING to +0 ring mail.
  1526 | D:2      | 1526 ||| DROPPING +0 leather armour.
  1527 | D:2      | 1527 ||| UPGRADING to +1 cloak.
  1532 | D:2      | 1532 ||| READING scroll labelled WEIQEVAWACS.
  1533 | D:2      | 1533 ||| READING scroll labelled QAGODU FAFUE.
  1534 | D:2      | 1534 ||| READING 2 scrolls labelled FURUOM QIEDGH.
  1535 | D:2      | 1535 ||| READING scroll labelled JOYGRUNLOR.
  1536 | D:2      | 1536 ||| DRINKING 2 fizzy clear potions.
  1537 | D:2      | 1537 ||| READING 4 scrolls of identify.
  1537 | D:2      | 1537 ||| IDENTIFYING clear potion
  1538 | D:2      | 1538 ||| READING 3 scrolls of identify.
  1538 | D:2      | 1538 ||| IDENTIFYING smoky sapphire potion
  1539 | D:2      | 1539 ||| READING 2 scrolls of identify.
  1539 | D:2      | 1539 ||| IDENTIFYING smoky orange potion
  1540 | D:2      | 1540 ||| DROPPING potion of degeneration.
  1541 | D:2      | 1541 ||| DROPPING potion of brilliance.
  1542 | D:2      | 1542 ||| DROPPING scroll of immolation.
  1543 | D:2      | 1543 ||| DROPPING potion of lignification.
  1614 | D:3      | Noticed an ogre
  1621 | D:3      | Killed an ogre
  1622 | D:3      | Reached skill level 3 in Armour
  1622 | D:3      | Reached XP level 5. HP: 18/32 MP: 5/5
  1734 | D:3      | Found the +3 pair of gauntlets of War {Slay+5}
  1830 | D:3      | Noticed a water moccasin
  1844 | D:3      | Killed a water moccasin
  1845 | D:3      | Reached skill level 6 in Ranged Weapons
  1845 | D:3      | Reached XP level 6. HP: 17/37 MP: 6/6
  1928 | D:3      | Found a shimmering altar of Xom.
  1940 | D:3      | 1940 ||| Stepping ~*~*~tactically~*~*~ (retreating).
  1941 | D:3      | 1941 ||| Stepping ~*~*~tactically~*~*~ (retreating).
  1943 | D:3      | 1943 ||| Stepping ~*~*~tactically~*~*~ (retreating).
  1944 | D:3      | 1944 ||| Stepping ~*~*~tactically~*~*~ (retreating).
  1945 | D:3      | 1945 ||| Stepping ~*~*~tactically~*~*~ (retreating).
  1958 | D:3      | 1958 ||| RETREATING.
  1960 | D:3      | 1960 ||| Stepping ~*~*~tactically~*~*~ (retreating).
  2314 | D:3      | Found a bloodstained altar of Trog.
  2323 | D:3      | Found Iqaekev's Assorted Antiques.
  2333 | D:3      | 2333 ||| BUYING coppery potion (25 gold).
  2333 | D:3      | Bought a coppery potion for 25 gold pieces
  2333 | D:3      | 2333 ||| BUYING glowing emerald potion (25 gold).
  2333 | D:3      | Bought a glowing emerald potion for 25 gold pieces
  2333 | D:3      | 2333 ||| BUYING inky potion (25 gold).
  2333 | D:3      | Bought an inky potion for 25 gold pieces
  2333 | D:3      | 2333 ||| SHOPLISTING iron ring (140 gold, have 43).
  2333 | D:3      | 2333 ||| SHOPLISTING potion of enlightenment (140 gold,
                  | have 43).
  2333 | D:3      | 2333 ||| BUYING scroll labelled COILIC FAIQYOV (28 gold).
  2333 | D:3      | Bought a scroll labelled COILIC FAIQYOV for 28 gold pieces
  2572 | D:3      | Reached XP level 7. HP: 43/43 MP: 7/7
  2757 | D:3      | HP: 8/43 [gnoll/+0 spear (6)]
  2759 | D:3      | Slain by a gnoll

Levels and vault maps discovered:
D:1:      shiori_arrival_maze, layout_basic, dreamdust_wishing_well
D:2:      layout_basic, minmay_splitting_lines
D:3:      minmay_goblin_kobold_castle, layout_basic, led_xom_imps, trog_book,
          serial_corexii_hall, corexii_hall_statues_x, corexii_hall_statues_u,
          serial_shops, shop_fountains

Skill      XL: |  1  2  3  4  5  6 |
---------------+-------------------+-----
Ranged Weapons | 5 6 |  6.9
Fighting       | 3 4 |  4.2
Armour         | 3 |  3.1
Dodging        | |  1.5
Stealth        | |  1.1

Action                     |  1- 3 |  4- 6 |  7- 9 || total
---------------------------+-------+-------+-------++-------
   Fire: Shortbow          |   120 |   215 |    64 ||   399
    Use: Scroll            |     2 |     7 |       ||     9
         Potion            |       |     1 |       ||     1
 Armour: Leather armour    |    48 |     6 |       ||    54
         Ring mail         |       |    63 |    76 ||   139
  Dodge: Dodged            |    23 |    66 |    51 ||   140

Table legend:
 A = Non-vault XP
 B = Vault XP
 C = Vault XP percentage of total XP
 D = Non-vault monster count
 E = Vault monster count
 F = Vault count percentage of total count
                 A         B        C        D         E       F
            +---------+---------+-------+---------+---------+-------
      Total |     406 |     288 |  41.5 |      66 |      27 |  29.0
            +---------+---------+-------+---------+---------+-------
        D:1 |      55 |       6 |   9.8 |      31 |       2 |   6.1
        D:2 |      43 |       0 |   0.0 |      16 |       0 |   0.0
        D:3 |     308 |     282 |  47.8 |      19 |      25 |  56.8
            +---------+---------+-------+---------+---------+-------
